 Dungeon Crawl Stone Soup version 0.28.0-53-g5a82cb258f (webtiles) character file.

Game seed: 8732147038046540771

593997 Infinimo the Conqueror (level 27, -4/484 HPs)
             Began as an Ogre Berserker on June 4, 2022.
             Was a Priest of the Shining One.
             Engulfed by a cloud of foul pestilence (7 damage)
             ... in the Vestibule of Hell.
             The game lasted 02:04:38 (87861 turns).

Infinimo the Conqueror (Ogre Berserker)            Turns: 87861, Time: 02:04:39

Health: -4/484     AC: 29    Str: 31 (41) XL:     27
Magic:  21/23      EV: 13    Int:  2 (8)  God:    the Shining One [***...]
Gold:   4372       SH: 11    Dex:  8      Spells: 26/26 levels left

rFire   + + +      SeeInvis .   Y - +9 giant spiked club (vorpal)
rCold   + + .      Faith    .   (shield currently unavailable)
rNeg    + + +      Spirit   .   B - +9 gold dragon scales
rPois   +          Reflect  +   U - +1 hat {Stlth+}
rElec   +          Harm     .   N - scarf {rC+ rF+}
rCorr   +          Rampage  .   (gloves unavailable)
Will    ++...                   (boots unavailable)
Stlth   ..........              G - amulet of Due Proportion {Reflect rF+ rN+ Str+2 SH+5}
HPRegen 0.90/turn               f - ring "Meujotam" {Fly rElec Stlth+}
MPRegen 0.18/turn               S - ring of Kifeviwira {rN+ rCorr EV+4}

@: berserking, lethally poisoned (-4 -> -4), divinely shielded, flying, slowed,
glowing, studying Bows
A: large, unfitting armour, tough skin 1, hooves 1, iridescent scales 1
}: 4/15 runes: decaying, serpentine, slimy, silver
a: Renounce Religion, Divine Shield, Cleansing Flame


You were in the Vestibule of Hell.
You worshipped the Shining One.
The Shining One was most pleased with you.
You visited 12 branches of the dungeon, and saw 54 of its levels.
You visited the Abyss 2 times.
You also visited: Gauntlet.

You collected 7686 gold pieces.
You spent 3314 gold pieces at shops.

Inventory:

Hand Weapons
 a - the +7 great mace "Undeadhunter" {disrupt, rN+}
   (You took it off a yaktaur captain on level 5 of the Vaults)

   It inflicts significantly more damage against the undead.
   rN:        It protects you from negative energy.
 u - a +9 vorpal giant spiked club
 M - a +4 spectral giant spiked club
 Y - a +9 vorpal giant spiked club (weapon)
Armour
 B - +9 gold dragon scales (worn)
 K - a +2 cloak of willpower
 N - a scarf of resistance (worn)
 U - a +1 hat of stealth (worn)
Jewellery
 f - the ring "Meujotam" (left hand) {Fly rElec Stlth+}
   (You found it on level 1 of the Swamp)

   [ring of flight]

   rElec:     It insulates you from electricity.
   Fly:       It grants you flight.
   Stlth:     It makes you more stealthy.
 g - a ring of wizardry
 C - the ring of Shadows {Umbra +Inv Stlth+}
   (You found it on level 5 of the Pits of Slime)

   [ring of stealth]

   It surrounds you with an aura of shadow, increasing your stealth and reducing
   the accuracy of all others within it.
   +Inv:      It lets you turn invisible.
   Stlth:     It makes you more stealthy.
 G - the amulet of Due Proportion (around neck) {Reflect rF+ rN+ Str+2 SH+5}
   (You bought it in a shop on level 13 of the Dungeon)

   [amulet of reflection]

   It reflects blocked missile attacks.
   Str:       It affects your strength (+2).
   rF:        It protects you from fire.
   rN:        It protects you from negative energy.
   SH:        It affects your SH (+5).
 L - the ring of Hiek {rC+ Will+}
   (You bought it in a shop on level 1 of the Snake Pit)

   [ring of protection from cold]

   rC:        It protects you from cold.
   Will:      It increases your willpower.
 Q - the ring "Ygioptal" {rPois rF+ rCorr AC+4 Int-4}
   (You took it off a boggart on level 12 of the Dungeon)

   [ring of protection]

   AC:        It affects your AC (+4).
   Int:       It affects your intelligence (-4).
   rF:        It protects you from fire.
   rPois:     It protects you from poison.
   rCorr:     It protects you from acid and corrosion.
 S - the ring of Kifeviwira (right hand) {rN+ rCorr EV+4}
   (You took it off a vault sentinel on level 4 of the Vaults)

   [ring of evasion]

   EV:        It affects your evasion (+4).
   rN:        It protects you from negative energy.
   rCorr:     It protects you from acid and corrosion.
 Z - the ring "Eleafruo" {Ice rPois rN+ Int+4 Stlth+}
   (You took it off a deep elf high priest on level 5 of the Vaults)

   [ring of ice]

   It enhances your ice magic.
   Int:       It affects your intelligence (+4).
   rF:        It makes you vulnerable to fire.
   rC:        It protects you from cold.
   rPois:     It protects you from poison.
   rN:        It protects you from negative energy.
   Stlth:     It makes you more stealthy.
Wands
 b - a wand of flame (138)
 k - a wand of paralysis (21)
 s - a wand of acid (39)
 t - a wand of mindburst (35)
 w - a wand of charming (26)
 x - a wand of iceblast (81)
 y - a wand of digging (8)
 E - a wand of polymorph (42)
Scrolls
 e - 13 scrolls of teleportation
 i - 3 scrolls of blinking
 n - 6 scrolls of fog
 q - a scroll of holy word
 A - 2 scrolls of silence
 H - 7 scrolls of fear
 O - 3 scrolls of summoning
 R - 2 scrolls of magic mapping
 W - a scroll of enchant armour
Potions
 d - a potion of ambrosia
 h - 5 potions of heal wounds
 m - 3 potions of flight
 o - 2 potions of lignification
 p - 25 potions of curing
 r - 3 potions of haste
 v - 2 potions of magic
 z - 5 potions of mutation
 F - 9 potions of might
 I - 2 potions of berserk rage
 J - 4 potions of cancellation
 T - 2 potions of resistance
 X - a potion of invisibility
Miscellaneous
 c - the horn of Geryon


   Skills:
 O Level 27 Fighting
 O Level 27 Maces & Flails
 * Level 7.6 Armour
 O Level 27 Dodging


You had 26 spell levels left.
You didn't know any spells.
Your spell library was empty.

Dungeon Overview and Level Annotations

Branches:
Dungeon (15/15)            Temple (0/1) D:4            Lair (6/6) D:11
  Swamp (4/4) Lair:2        Snake (4/4) Lair:2        Slime (5/5) Lair:6
    Orc (2/2) D:9             Elf (2/3) Orc:2        Vaults (5/5) D:14
  Crypt (3/3) Vaults:3       Tomb (0/3) Crypt:3      Depths (4/4) D:15
   Hell (1/1)                 Dis (0/7) Hell            Geh (3/7) Hell
    Coc (0/7) Hell            Tar (0/7) Hell            Zot (0/5) Depths:4
Gauntlet (visited)

Altars:
Ashenzari
Elyvilon
Hepliaklqana
Kikubaaqudgha
Nemelex Xobeh
Okawaru
Qazlal
Ru
Sif Muna
Wu Jian
Xom
Yredelemnul
Zin
The Shining One
Beogh
Jiyva

Shops:
D:5 **[   D:13 =   Orc:1 ?   Orc:2 *(*[   Elf:2 =   Snake:1 =::   Snake:4 (=
Vaults:1 (:!=   Vaults:2 *   Vaults:3 (   Depths:2 (

Portals:
Hell: Depths:1 Depths:2 Depths:3 Depths:4
Abyss: Depths:1 Depths:3
Pandemonium: Depths:1 Depths:2
Ziggurat: Depths:4

Annotations:
Elf:2 1 runed translucent door
Hell exclusion: ice statue


Innate Abilities, Weirdness & Mutations

You are too large for most types of armour.
You have tough skin. (AC +1)
You have large cloven feet.
You are partially covered in iridescent scales. (AC +2)


Message History

* * * LOW HITPOINT WARNING * * *
The frost giant hits you but does no damage.
The tainted leviathan hits you!
* * * LOW HITPOINT WARNING * * *
You block the tainted leviathan's attack.
You are engulfed in dark miasma.
You feel as though you will be slow longer.
* * * LOW HITPOINT WARNING * * *
You feel very sick.
The frost giant points at you and mumbles some strange words.
The bolt of cold misses you.
The frost giant hits you with a +2 battleaxe of freezing.
* * * LOW HITPOINT WARNING * * *
The tainted leviathan attempts to bespell you!
You resist with some effort.
You fly up through the gate.
Welcome back to the Vestibule of Hell!
Level annotation: exclusion: ice statue You feel sick.
There is a gateway to the ashen valley of Gehenna, spattered with blood here.
Unknown command.
A red film seems to cover your vision as you go berserk!
You feel yourself moving faster!
You feel mighty!
You feel sick. You block the frost giant's attack. The frost giant misses you.
The tainted leviathan hits you!!
* * * LOW HITPOINT WARNING * * *
The tainted leviathan hits you!
* * * LOW HITPOINT WARNING * * *
You block the frost giant's attack.
The frost giant hits you with a +2 battleaxe of freezing!!
* * * LOW HITPOINT WARNING * * *
The frost giant freezes you.
* * * LOW HITPOINT WARNING * * *
The tainted leviathan hits you!!
* * * LOW HITPOINT WARNING * * *
You block the tainted leviathan's attack.
You bludgeon the tainted leviathan!! You kick the tainted leviathan!
You destroy the tainted leviathan!
The Shining One accepts your kill.
You are engulfed in dark miasma.
You die...

............≈§≈##.#§§#
...........≈≈≈##..#≈≈#
...........≈≈##...#§≈#
#........≈§§##....#§≈#
.#......§≈§##.....#§§#
.#...[.≈≈≈##..⌠...#≈≈#
..#...≈§≈§##......#≈§#
....)≈≈≈.§.'....C.#≈§#
..#..^.....'..☼☼@.#§≈#
.....≈≈≈...'..○(C.#§§#
..#...≈≈≈.##..°○☼.#§≈#
.#.....≈≈≈##..⌠...#§§#
.#......≈≈≈##.....#§≈#
#........≈§§##....#§≈#
..........§§≈##...#§§#
..........§.≈§##..#≈§#
.............≈§##.#≈≈#


You could see 2 frost giants.

Vanquished Creatures
  the Royal Jelly (Slime:5)
  2 ancient liches
  Mara (Vaults:3)
  2 juggernauts
  Sojobo (Depths:1)
  Boris (Vaults:4)
  Margery (Vaults:4)
  Geryon (Hell)
  3 golden dragons
  A bone dragon (Depths:4)
  A Brimstone Fiend (Geh:2)
  An iron giant (Hell)
  8 tentacled monstrosities
  2 tainted leviathans
  A deep elf blademaster (Elf:2)
  5 liches
  2 searing wretches
  Gastronok (D:11)
  4 titans
  19 acid blobs
  A quicksilver dragon (Vaults:5)
  An Executioner (Abyss:1)
  3 walking divine tomes
  8 shadow dragons
  3 ancient champions
  2 thorn hunters
  4 tentacled starspawn (Abyss:1)
  Kirke (D:13)
  4 sphinxes
  13 tengu reavers
  6 revenants
  7 fenstrider witches
  A rockslime (shapeshifter) (Vaults:5)
  A draconian monk (Depths:4)
  Roxanne (Swamp:1)
  6 storm dragons
  7 nagarajas (Snake:4)
  11 rockslimes
  2 iron dragons
  8 azure jellies
  10 fire giants
  6 frost giants
  2 orc warlords
  A juggernaut zombie (Hell)
  6 balrugs
  2 deep elf sorcerers
  16 ghouls
  Aizul (Snake:3)
  2 caustic shrike zombies (Hell)
  8 vault wardens
  3 curse skulls
  13 very ugly things
  A caustic shrike skeleton (Crypt:2)
  8 quicksilver oozes
  3 war gargoyles
  24 ironbound preservers
  5 reapers
  8 ironbound thunderhulks
  A draconian annihilator (Depths:4)
  11 stone giants
  2 juggernaut skeletons
  9 vampire knights
  2 green draconians (Depths:4)
  12 dire elephants
  2 yellow draconians (Depths:4)
  4 deep elf demonologists
  2 red draconians (Depths:4)
  5 eleionomae
  3 entropy weavers (Vaults:4)
  A deep elf annihilator (Elf:1)
  A minotaur (Gauntlet)
  3 spark wasps (Depths:3)
  2 bunyips
  3 iron golems (Hell)
  A purple draconian (Depths:4)
  Snorg (Lair:5)
  15 ettins
  A merfolk impaler (Depths:1)
  6 eidola
  2 crystal guardians
  5 deep elf death magi
  A merfolk javelineer (Depths:2)
  18 yaktaur captains
  3 green deaths
  11 jiangshi
  A quicksilver dragon zombie (Crypt:3)
  Josephine (D:13)
  3 fire dragons
  3 deep elf high priests
  A spectral spriggan (Crypt:3)
  2 shambling mangroves
  A fenstrider witch zombie (Crypt:1)
  Erolcha (Orc:1)
  4 spriggan zombies
  A rakshasa (Depths:3)
  11 great orbs of eyes
  2 hell beasts
  2 salamander tyrants (Geh:2)
  4 boulder beetles
  4 ice dragons
  18 naga warriors
  Harold (D:8)
  28 vault guards
  9 ghost crabs
  21 hydras
  12 centaur warriors
  A spriggan skeleton (Abyss:1)
  9 ironbound frosthearts
  4 peacekeepers
  Erica (D:8)
  11 anacondas
  2 death knights
  5 ogre magi
  16 death yaks
  6 spriggan air magi
  24 dancing weapons
  8 deep troll shamans
  13 two-headed ogres
  9 tengu warriors
  8 alligators
  5 vampire magi
  7 large abominations
  8 deep troll earth magi
  7 hell hogs (Hell)
  5 spriggan berserkers
  17 sun demons
  A shock serpent (shapeshifter) (Vaults:2)
  8 shock serpents
  A thrashing horror (Abyss:1)
  25 hell knights
  12 naga sharpshooters
  5 orc high priests
  A storm dragon zombie (Hell)
  2 titan zombies
  12 deep elf knights
  An emperor scorpion zombie (Crypt:3)
  4 spriggans
  20 shadow wraiths
  9 soul eaters
  A wretched star (Abyss:1)
  2 salamander mystics (Snake:3)
  6 iron trolls
  2 sixfirhies (Swamp:4)
  A spatial maelstrom (Abyss:1)
  A storm dragon skeleton (Crypt:1)
  An anaconda zombie (Crypt:1)
  17 skeletal warriors
  66 deep trolls
  10 goliath frogs
  A spark wasp zombie (Depths:2)
  2 death drakes (Swamp:4)
  4 starcursed masses (Abyss:1)
  2 glowing orange brains
  A deep troll (shapeshifter) (Vaults:4)
  7 sea snakes
  10 bog bodies
  6 swamp dragons
  15 wizards
  9 spriggan druids
  4 harpies (Vaults:4)
  28 phantasmal warriors
  9 naga ritualists
  5 flayed ghosts
  13 deep elf archers
  A goliath frog zombie (Crypt:3)
  10 orc knights
  3 tengu zombies
  21 deep elf pyromancers
  18 ironbound convokers
  14 necromancers
  A spectral ettin (Crypt:3)
  Pikel (D:6)
  A golden dragon skeleton (Crypt:1)
  30 deep elf zephyrmancers
  14 mana vipers
  A sphinx zombie (Hell)
  A mana viper (shapeshifter) (Vaults:4)
  3 iron dragon zombies (Hell)
  8 orc sorcerers
  7 shining eyes
  9 cyclopes
  2 manticores
  9 will-o-the-wisps
  10 salamanders
  A faun (shapeshifter) (Vaults:4)
  A stone giant zombie (Hell)
  43 ugly things
  A fire giant zombie (Hell)
  8 elephants
  A fire giant skeleton (Depths:2)
  A stone giant skeleton (Abyss:1)
  22 vault sentinels
  6 guardian serpents
  An elf zombie (Vaults:1)
  43 black mambas
  3 rust devils (Hell)
  12 naga magi
  An elf skeleton (Vaults:1)
  A torpor snail (Lair:6)
  4 apocalypse crabs (Swamp:2)
  2 orange demons
  An eye of devastation (Slime:5)
  19 cane toads
  4 molten gargoyles (Hell)
  5 smoke demons
  A frost giant skeleton (Depths:2)
  An emperor scorpion simulacrum (Crypt:1)
  A gargoyle (D:11)
  A demonic crawler (Hell)
  3 rime drakes
  A hellion (Geh:1)
  10 komodo dragons
  A sea snake zombie (Hell)
  35 yaktaurs
  A komodo dragon (shapeshifter) (D:13)
  6 freezing wraiths
  A bunyip simulacrum (Abyss:1)
  A redback zombie (Crypt:3)
  2 efreet
  3 ice devils
  A tormentor (Geh:1)
  3 sea snake skeletons
  2 dire elephant skeletons
  A kobold demonologist (D:13)
  A guardian mummy (Crypt:3)
  7 tengu conjurers
  A red devil (Hell)
  An ancient zyme (Abyss:1)
  2 spectral harpies (Crypt:3)
  A catoblepas skeleton (Crypt:2)
  A pale draconian skeleton (Crypt:1)
  6 hellwings
  3 harpy zombies
  2 trolls (D:14)
  A hydra skeleton (Hell)
  A purple draconian skeleton (Crypt:1)
  2 human skeletons (Vaults:1)
  5 polar bears
  6 meliai
  A tarantella (shapeshifter) (Elf:1)
  24 blink frogs
  96 slime creatures
  4 raiju (Abyss:1)
  5 hornets
  7 tyrant leeches
  3 harpy skeletons
  A fire giant simulacrum (Depths:2)
  An iron dragon simulacrum (Depths:2)
  A guardian serpent skeleton (Crypt:2)
  An alligator zombie (Crypt:2)
  2 fire dragon skeletons
  30 flying skulls
  A merfolk skeleton (Hell)
  An air elemental (Elf:2)
  11 shadows
  16 wraiths
  2 ynoxinuls
  Eustachio (D:4)
  21 water elementals
  4 fire bats (D:9)
  5 wyverns
  An ettin skeleton (Crypt:1)
  A human (shapeshifter) (D:14)
  A basilisk (shapeshifter) (D:14)
  3 fire elementals
  7 golden eyes
  2 hogs (D:13)
  48 yaks
  4 steam dragons
  3 basilisks
  A sea snake simulacrum (Hell)
  Grum (D:8)
  20 vampire mosquitoes
  19 swamp worms
  A chaos spawn (Swamp:4)
  Menkaure (D:4)
  2 neqoxecs
  40 nagas
  A warg (shapeshifter) (D:12)
  A naga zombie (Crypt:2)
  A swamp worm (shapeshifter) (Vaults:4)
  2 wargs
  A harpy simulacrum (Crypt:2)
  2 acid dragons
  20 water moccasins
  A faun skeleton (Crypt:3)
  A hell hound (D:9)
  A floating eye (shapeshifter) (Vaults:5)
  28 orc warriors
  Duvessa (D:7)
  3 swamp drakes
  An ice beast (D:5)
  A sky beast (D:5)
  5 small abominations (Abyss:1)
  A black bear (shapeshifter) (Vaults:5)
  5 necrophages
  A hornet zombie (D:4)
  11 ogres
  4 black bears
  9 wolves
  9 boggarts
  25 centaurs
  2 lemures (D:6)
  A swamp dragon skeleton (Crypt:3)
  2 human zombies
  A draconian zombie (Crypt:2)
  3 earth elementals
  4 kobold brigands
  17 bullfrogs
  A wyvern zombie (D:7)
  4 scorpions
  Dowan (D:7)
  A water moccasin skeleton (D:6)
  A yak zombie (Crypt:1)
  A human simulacrum (Vaults:1)
  2 wights (Abyss:1)
  5 electric eels
  4 howler monkeys
  4 lava snakes
  A hound (D:6)
  A quasit (Abyss:1)
  A bullfrog zombie (D:7)
  7 centaur zombies
  A gnoll shaman (D:8)
  29 orc priests
  A centaur skeleton (D:6)
  4 jellies
  A basilisk skeleton (Crypt:3)
  11 iguanas
  23 orc wizards
  10 hell rats
  2 acid dragon zombies
  A dwarf skeleton (Crypt:1)
  A tengu skeleton (Crypt:2)
  A hound skeleton (D:5)
  12 mummies (Crypt:3)
  A howler monkey zombie (D:9)
  8 adders
  9 gnolls
  4 ufetubi
  An adder zombie (Crypt:1)
  3 worms
  A dart slug (D:2)
  64 orcs
  4 ball pythons
  3 bats
  6 endoplasms
  6 giant cockroaches
  A goblin (shapeshifter) (Vaults:5)
  13 goblins
  4 hobgoblins
  27 kobolds
  2 quokkas (D:4)
  3 frilled lizards
  A gnoll skeleton (Crypt:2)
  A kobold skeleton (Crypt:2)
  An orc zombie (Crypt:3)
  6 rats
  5 briar patches
  10 fire vortices
  6 starspawn tentacles (Abyss:1)
2352 creatures vanquished.

Vanquished Creatures (others)
  A merfolk impaler (Depths:1)
  A deep elf knight (Elf:1)
  A spriggan druid (Swamp:2)
  A deep elf zephyrmancer (Elf:2)
  A manticore (D:12)
  A tormentor (Geh:1)
  A tengu conjurer (Depths:4)
  A bloated husk (Swamp:1)
  A water elemental (Depths:1)
  A naga (Snake:4)
  A wolf (Elf:2)
  An orc priest (Orc:1)
  2 orc wizards
  A gnoll (D:8)
  4 briar patches
  3 fire vortices
  39 foxfires
  26 fungi
  A lurking horror (Abyss:1)
  94 plants
  6 starspawn tentacles (Abyss:1)
188 creatures vanquished.

Grand Total: 2540 creatures vanquished

Notes
Turn   | Place    | Note
-------+----------+-------------------------------------------
     0 | D:1      | Infinimo the Ogre Berserker began the quest for the Orb.
     0 | D:1      | Reached XP level 1. HP: 24/24 MP: 1/1
   203 | D:1      | Reached XP level 2. HP: 26/32 MP: 2/2
   738 | D:1      | Reached XP level 3. HP: 40/40 MP: 3/3
   784 | D:1      | Reached ** piety under Trog
   916 | D:1      | Found a faded altar of an unknown god.
  1368 | D:2      | Identified the +9 hand axe of Lomonao {drain, rF+ Will++
                  | rCorr Dex+3}
  1543 | D:2      | Reached XP level 4. HP: 49/49 MP: 4/4
  2100 | D:3      | Reached skill level 5 in Fighting
  2363 | D:3      | Found a broken altar of Ashenzari.
  2367 | D:3      | Found an ancient bone altar of Kikubaaqudgha.
  2367 | D:3      | Found a hazy altar of Hepliaklqana.
  2382 | D:3      | Found a shimmering blue altar of Sif Muna.
  2385 | D:3      | Found an iron altar of Okawaru.
  2449 | D:3      | Reached XP level 5. HP: 57/57 MP: 5/5
  2480 | D:4      | Noticed Menkaure
  2485 | D:4      | Killed Menkaure
  2486 | D:4      | Reached skill level 5 in Maces & Flails
  2486 | D:4      | Reached XP level 6. HP: 41/67 MP: 6/6
  2872 | D:4      | Noticed Eustachio
  2887 | D:4      | Killed Eustachio
  3060 | D:4      | Reached XP level 7. HP: 76/76 MP: 7/7
  3338 | D:4      | Found a staircase to the Ecumenical Temple.
  3526 | D:4      | Found a shimmering altar of Xom.
  3586 | D:4      | Reached *** piety under Trog
  4096 | D:5      | Entered Level 5 of the Dungeon
  4149 | D:5      | Reached XP level 8. HP: 88/88 MP: 8/8
  4416 | D:5      | Found Vedeass's Specific Store.
  4418 | D:5      | Found Baimm's General Store.
  4849 | D:5      | Found Zeleadun's Armour Shoppe.
  4871 | D:5      | You fall into a shaft and drop 2 floors!
  5243 | D:6      | Reached XP level 9. HP: 82/98 MP: 9/9
  6377 | D:6      | Noticed Pikel
  6380 | D:6      | Killed Pikel
  6381 | D:6      | Reached skill level 10 in Fighting
  6381 | D:6      | Reached skill level 10 in Maces & Flails
  6858 | D:7      | Found a sparkling altar of Nemelex Xobeh.
  6950 | D:7      | Noticed Duvessa
  6950 | D:7      | Noticed Dowan
  6959 | D:7      | Killed Dowan
  6977 | D:7      | Killed Duvessa
  7659 | D:8      | Noticed Erica
  8084 | D:8      | Killed Erica
  8085 | D:8      | Reached XP level 10. HP: 114/114 MP: 10/10
  8240 | D:8      | Found a glowing silver altar of Zin.
  8240 | D:8      | Noticed an angel
  8308 | D:8      | Noticed Grum
  8318 | D:8      | Noticed Harold
  8469 | D:8      | Found a stormy altar of Qazlal.
  9023 | D:8      | Killed Grum
  9092 | D:8      | Killed Harold
  9293 | D:9      | Reached **** piety under Trog
  9552 | D:9      | Reached XP level 11. HP: 126/126 MP: 11/11
 10145 | D:9      | Found a staircase to the Orcish Mines.
 10436 | D:10     | Entered Level 10 of the Dungeon
 10926 | D:10     | Found a white marble altar of Elyvilon.
 10987 | D:10     | Found a sacrificial altar of Ru.
 11168 | D:10     | Noticed a two-headed ogre
 11176 | D:10     | Killed a two-headed ogre
 11901 | D:11     | Noticed a purple ugly thing
 12186 | D:10     | Killed a purple ugly thing
 12846 | D:11     | Noticed Gastronok
 12967 | D:11     | Killed Gastronok
 12968 | D:11     | Reached XP level 12. HP: 140/140 MP: 12/12
 12968 | D:11     | Found a staircase to the Lair.
 13088 | D:11     | Noticed a five-headed hydra
 13878 | D:10     | Killed a five-headed hydra
 14115 | D:12     | Noticed a four-headed hydra
 14132 | D:12     | Killed a four-headed hydra
 14133 | D:12     | Reached skill level 15 in Fighting
 14194 | Lair:1   | Entered Level 1 of the Lair of Beasts
 14551 | Lair:1   | Reached skill level 15 in Maces & Flails
 16138 | Lair:1   | Noticed a six-headed hydra
 16150 | Lair:1   | Killed a six-headed hydra
 16991 | Lair:2   | Reached XP level 13. HP: 110/153 MP: 13/13
 17903 | Lair:2   | Found a staircase to the Swamp.
 18261 | Lair:2   | Found a staircase to the Snake Pit.
 18581 | Lair:3   | Identified 2 scrolls of acquirement
 18581 | Lair:3   | Acquired 613 gold pieces
 18585 | Lair:3   | Acquired 388 gold pieces
 19165 | Lair:3   | Identified the +2 pair of boots of the Storm King {Rampage
                  | +Inv rN+}
 20306 | Lair:5   | Noticed Snorg
 20319 | Lair:5   | Killed Snorg
 20419 | Lair:5   | Reached ***** piety under Trog
 20674 | Lair:5   | Reached XP level 14. HP: 167/167 MP: 14/14
 21276 | Lair:6   | Entered Level 6 of the Lair of Beasts
 21899 | Lair:6   | Received a gift from Trog
 22299 | Lair:6   | Found a staircase to the Slime Pits.
 22336 | Lair:6   | Reached XP level 15. HP: 128/178 MP: 15/15
 22989 | D:12     | Received a gift from Trog
 23116 | D:12     | Identified the amulet of Qeosimol {Reflect rC+ Int+4 SH+5}
 23450 | D:12     | Identified the ring "Ygioptal" {rPois rF+ rCorr AC+4 Int-4}
 23508 | D:12     | Identified the ring of Division {*Slow Int+6 Dex+9}
 23517 | D:12     | Identified the amulet of Efoud {Faith rC+ Str+3 Int+3}
 23709 | D:13     | Noticed Josephine
 23724 | D:13     | Killed Josephine
 23772 | D:13     | Found Cuuk's Jewellery Shoppe.
 23776 | D:13     | Noticed Kirke
 23794 | D:13     | Noticed a sphinx
 23913 | D:13     | Killed Kirke
 23951 | D:13     | Bought the amulet of Due Proportion {Reflect rF+ rN+ Str+2
                  | SH+5} for 733 gold pieces
 24001 | D:13     | Found a gate leading to a gauntlet.
 24005 | Gauntlet | Entered a Gauntlet
 24005 | Gauntlet | Found a transporter.
 24005 | Gauntlet | Found a transporter.
 24006 | Gauntlet | Found a transporter.
 24009 | Gauntlet | Found a transporter.
 24009 | Gauntlet | Found a transporter.
 24009 | Gauntlet | Found a transporter.
 24021 | Gauntlet | Found a transporter.
 24023 | Gauntlet | Found a transporter.
 24025 | Gauntlet | Found a large runed translucent door.
 24026 | Gauntlet | Found a large runed translucent door.
 24027 | Gauntlet | Found a large runed translucent door.
 24027 | Gauntlet | Found a large runed translucent door.
 24027 | Gauntlet | Found a runed translucent door.
 24027 | Gauntlet | Found a runed translucent door.
 24028 | Gauntlet | Found a large runed translucent door.
 24028 | Gauntlet | Found a large runed translucent door.
 24028 | Gauntlet | Found a large runed translucent door.
 24028 | Gauntlet | Found a large runed translucent door.
 24029 | Gauntlet | Found a large runed translucent door.
 24029 | Gauntlet | Found a large runed translucent door.
 24030 | Gauntlet | Found a large runed translucent door.
 24030 | Gauntlet | Found a large runed translucent door.
 24031 | Gauntlet | Found a runed translucent gate.
 24031 | Gauntlet | Found a runed translucent gate.
 24031 | Gauntlet | Found a runed translucent gate.
 24033 | Gauntlet | Found a transporter.
 24040 | Gauntlet | Found a transporter.
 24059 | Gauntlet | Found a transporter.
 24061 | Gauntlet | Found a transporter.
 24141 | Gauntlet | Found a large runed translucent door.
 24141 | Gauntlet | Found a large runed translucent door.
 24144 | Gauntlet | Found a large runed translucent door.
 24144 | Gauntlet | Found a large runed translucent door.
 24427 | Gauntlet | Identified the +4 ring mail of Protective Custody {rN++
                  | Str-3 Slay+6}
 25572 | D:14     | Found a gate to the Vaults.
 25753 | D:14     | Reached XP level 16. HP: 195/195 MP: 16/16
 25866 | D:15     | Entered Level 15 of the Dungeon
 26587 | D:15     | Found a staircase to the Depths.
 27113 | Orc:1    | Entered Level 1 of the Orcish Mines
 27123 | Orc:1    | Identified the +8 dire flail of Impatience {vorpal, +Blink}
                  | (Trog gifted it to you on level 1 of the Orcish Mines)
 27123 | Orc:1    | Received a gift from Trog
 27323 | Orc:1    | Noticed Erolcha
 27330 | Orc:1    | Killed Erolcha
 27347 | Orc:1    | Found Guvupsot's Magic Scroll Boutique.
 27365 | Orc:1    | Bought a scroll of brand weapon for 280 gold pieces
 27365 | Orc:1    | Bought a scroll of enchant weapon for 105 gold pieces
 27422 | Orc:2    | Entered Level 2 of the Orcish Mines
 27467 | Orc:2    | Found a staircase to the Elven Halls.
 27518 | Orc:1    | Reached ****** piety under Trog
 27971 | Orc:2    | Received a gift from Trog
 28112 | Orc:2    | Paralysed by an orc sorcerer for 2 turns
 28179 | Orc:2    | Found Ubuebrurgh's General Store.
 28179 | Orc:2    | Found Keneid's General Store.
 28180 | Orc:2    | Found Felumui's Armour Shoppe.
 28188 | Orc:2    | Found Vogh's Antique Weapon Emporium.
 28251 | Orc:2    | Bought a scroll of enchant weapon for 112 gold pieces
 28304 | Orc:2    | Bought a +2 cloak of willpower for 301 gold pieces
 28905 | Depths:1 | Entered Level 1 of the Depths
 28923 | Depths:1 | Noticed Sojobo
 28932 | Depths:1 | Paralysed by an air elemental for 1 turns
 28935 | Depths:1 | Paralysed by an air elemental for 1 turns
 29052 | Depths:1 | Killed Sojobo
 29059 | Depths:1 | Noticed a tengu reaver
 29060 | Depths:1 | Noticed a tengu reaver
 29103 | Depths:1 | Killed a tengu reaver
 29113 | Depths:1 | Killed a tengu reaver
 29324 | Depths:1 | Noticed a tengu reaver
 29334 | Depths:1 | Killed a tengu reaver
 29334 | Depths:1 | Received a gift from Trog
 29442 | Depths:1 | Reached XP level 17. HP: 208/208 MP: 17/17
 29785 | Depths:1 | Found a one-way gate to the infinite horrors of the Abyss.
 30497 | Depths:1 | Found a one-way gate leading to the halls of Pandemonium.
 30579 | Depths:1 | Found a gateway to Hell.
 31265 | Depths:2 | Noticed a walking divine tome
 31562 | Depths:2 | Noticed a lich
 31564 | Depths:2 | Identified the +8 dire flail of Premature Burial {vorpal,
                  | rF+ Str+5} (Trog gifted it to you on level 2 of the Depths)
 31564 | Depths:2 | Received a gift from Trog
 31689 | Depths:2 | Killed a walking divine tome
 31738 | Depths:2 | Killed a lich
 31916 | Depths:2 | Found Zineag's Weapon Boutique.
 32490 | Depths:3 | Noticed a walking divine tome
 32496 | Depths:3 | Killed a walking divine tome
 32632 | Depths:3 | Noticed a tentacled monstrosity
 32640 | Depths:3 | Killed a tentacled monstrosity
 32688 | Depths:3 | Noticed a tentacled monstrosity
 32704 | Depths:3 | Killed a tentacled monstrosity
 32709 | Depths:3 | Reached XP level 18. HP: 223/223 MP: 18/18
 32712 | Depths:3 | Noticed a tentacled monstrosity
 32720 | Depths:3 | Killed a tentacled monstrosity
 32781 | Depths:3 | Noticed a walking divine tome
 32796 | Depths:3 | Killed a walking divine tome
 33274 | Depths:3 | Found a stormy altar of Qazlal.
 33282 | Depths:3 | Noticed a lich
 33290 | Depths:3 | Killed a lich
 33355 | Depths:3 | Received a gift from Trog
 34282 | Depths:4 | Entered Level 4 of the Depths
 34848 | Depths:4 | Noticed a juggernaut
 34866 | Depths:4 | Killed a juggernaut
 35108 | Depths:4 | Found a one-way gateway to a ziggurat.
 35117 | Depths:4 | Noticed a tentacled monstrosity
 35131 | Depths:4 | Killed a tentacled monstrosity
 35547 | Depths:4 | Noticed a bone dragon
 35852 | Depths:4 | Killed a bone dragon
 36096 | Depths:4 | Cast into level 3 of the Abyss (yellow draconian)
 36128 | Depths:4 | Escaped the Abyss
 36185 | Depths:4 | Reached XP level 19. HP: 236/236 MP: 19/19
 36231 | Depths:4 | Found a gate to the Realm of Zot.
 36692 | Depths:4 | Found a white marble altar of Elyvilon.
 36692 | Depths:4 | Found a glowing silver altar of Zin.
 36692 | Depths:4 | Found a glowing golden altar of the Shining One.
 37081 | Snake:1  | Entered Level 1 of the Snake Pit
 37213 | Snake:1  | Received a gift from Trog
 37922 | Snake:1  | Found Igewniav's Jewellery Emporium.
 37922 | Snake:1  | Found Guodyes's Book Boutique.
 37923 | Snake:1  | Found Xeocoy's Book Boutique.
 37933 | Snake:1  | Bought the ring of Hiek {rC+ Will+} for 601 gold pieces
 39474 | Snake:2  | Found an ornate altar of the Wu Jian Council.
 39504 | Snake:2  | Received a gift from Trog
 40014 | Snake:3  | Noticed Aizul
 40029 | Snake:3  | Killed Aizul
 40464 | Snake:3  | Found a shimmering blue altar of Sif Muna.
 41065 | Snake:3  | Acquired a +1 spectral giant spiked club
 41078 | Snake:4  | Entered Level 4 of the Snake Pit
 41187 | Snake:4  | Received a gift from Trog
 41360 | Snake:4  | Reached XP level 20. HP: 123/252 MP: 20/20
 41573 | Snake:4  | Found Moujucoi's Jewellery Shop.
 42111 | Snake:4  | Got a serpentine rune of Zot
 42198 | Snake:4  | Received a gift from Trog
 42199 | Snake:4  | Found Dullighimn's Antique Weapon Shop.
 43161 | Vaults:1 | Entered Level 1 of the Vaults
 43161 | Vaults:1 | Found Qomauq's Jewellery Boutique.
 43775 | Vaults:1 | Found Otraf's Distillery.
 43975 | Vaults:1 | Identified the +12 dire flail of Dawn {vorpal, +Blink}
                  | (Trog gifted it to you on level 1 of the Vaults)
 43975 | Vaults:1 | Received a gift from Trog
 44447 | Vaults:1 | Found Kyecwogi's Weapon Shop.
 45007 | Vaults:1 | Found Gybadwoi's Book Emporium.
 45180 | Vaults:2 | HP: 11/254 [crystal guardian/crystal bolt[a boggart] (26)]
 45376 | Vaults:1 | Reached skill level 27 in Fighting
 45503 | Vaults:2 | Received a gift from Trog
 45558 | Vaults:2 | Reached skill level 27 in Maces & Flails
 45761 | Vaults:2 | Reached XP level 21. HP: 178/265 MP: 21/21
 45872 | Vaults:2 | Reached skill level 5 in Dodging
 46176 | Vaults:2 | Found Xubast's General Store.
 46181 | Vaults:2 | Bought a potion of curing for 36 gold pieces
 46181 | Vaults:2 | Bought a scroll of fear for 42 gold pieces
 46638 | Vaults:2 | Received a gift from Trog
 47734 | Vaults:3 | Found Mekoti Kiamp's Weapon Emporium.
 47918 | Vaults:3 | Reached skill level 10 in Dodging
 48121 | Vaults:3 | Received a gift from Trog
 48532 | Vaults:3 | Noticed Mara
 48540 | Vaults:3 | Noticed Infinimo's illusion
 48542 | Vaults:3 | Killed Mara
 48996 | Vaults:3 | Found a staircase to the Crypt.
 48996 | Vaults:3 | Found a basalt altar of Yredelemnul.
 48996 | Vaults:3 | Found an ancient bone altar of Kikubaaqudgha.
 49736 | Vaults:4 | Reached XP level 22. HP: 228/275 MP: 22/22
 49818 | Vaults:4 | Found a transporter.
 49843 | Vaults:4 | Found a transporter.
 49910 | Vaults:4 | Received a gift from Trog
 50737 | Vaults:4 | Noticed Margery
 50745 | Vaults:4 | Received a gift from Trog
 50759 | Vaults:4 | Killed Margery
 51507 | Vaults:4 | Identified the ring of Ephemeral Luck {MP+9 Str+4}
 51608 | Vaults:5 | Entered Level 5 of the Vaults
 51619 | Vaults:4 | Reached skill level 15 in Dodging
 51690 | Vaults:4 | Identified the +6 giant club "Cafrioni" {vorpal, rElec rF-
                  | rN+ SInv} (Trog gifted it to you on level 4 of the Vaults)
 51690 | Vaults:4 | Received a gift from Trog
 52592 | Vaults:5 | Identified the ring "Eleafruo" {Ice rPois rN+ Int+4 Stlth+}
 52755 | Vaults:5 | Identified the ring of Kifeviwira {rN+ rCorr EV+4}
 52758 | Vaults:5 | Noticed a golden dragon
 53250 | D:5      | Bought +2 shadow dragon scales for 1104 gold pieces
 53905 | Vaults:4 | Killed a golden dragon
 54298 | Swamp:1  | Entered Level 1 of the Swamp
 54337 | Swamp:1  | Reached XP level 23. HP: 256/259 MP: 23/23
 54409 | Swamp:1  | Noticed Roxanne
 54692 | Swamp:1  | Found a transporter.
 54722 | Swamp:1  | Found a transporter.
 55336 | Swamp:1  | Killed Roxanne
 55445 | Swamp:1  | Identified the ring "Meujotam" {Fly rElec Stlth+}
 55875 | Swamp:2  | Received a gift from Trog
 56264 | Swamp:2  | Found a runed translucent door.
 56822 | Swamp:2  | Identified the +8 hand axe of the Doomed Warrior {pain,
                  | Fragile rF+ rN+ Will+}
 58143 | Swamp:3  | Received a gift from Trog
 58577 | Swamp:4  | Entered Level 4 of the Swamp
 59529 | Swamp:4  | Identified the +4 giant spiked club "Jidad" {vorpal, rC+
                  | Will- Str+2} (Trog gifted it to you on level 4 of the
                  | Swamp)
 59529 | Swamp:4  | Received a gift from Trog
 59603 | Swamp:4  | Got a decaying rune of Zot
 60058 | Vaults:5 | Identified the +9 scimitar "Gexum" {drain, rC++}
 60058 | Vaults:5 | Noticed Boris
 60252 | Vaults:5 | Noticed a golden dragon
 60688 | Vaults:4 | Killed Boris
 61135 | Vaults:5 | Identified the ring "Bussetso" {rPois rN+ Int+2 Slay-4}
 63092 | Vaults:4 | Killed a golden dragon
 63491 | Vaults:5 | Identified the +9 quarterstaff of Vanity {antimagic, rF+
                  | rN++}
 63774 | Vaults:5 | Reached XP level 24. HP: 224/287 MP: 23/23
 64110 | Vaults:5 | Identified the +4 giant club "Utudghoa" {vorpal, *Corrode
                  | rN+ Str+3 Stlth+} (Trog gifted it to you on level 5 of the
                  | Vaults)
 64110 | Vaults:5 | Received a gift from Trog
 64847 | Vaults:5 | Noticed a caustic shrike
 64847 | Vaults:5 | a titan changed into a caustic shrike
 64849 | Vaults:5 | a caustic shrike changed into a rockslime
 65128 | Vaults:5 | Got a silver rune of Zot
 65821 | Slime:1  | Entered Level 1 of the Pits of Slime
 65991 | Slime:1  | Gained mutation: You are weak. (Str -2) [a shining eye]
 67679 | Slime:3  | Identified the +5 giant club of the Sky {vorpal, rElec
                  | rPois rF++ Str+3} (Trog gifted it to you on level 3 of the
                  | Pits of Slime)
 67679 | Slime:3  | Received a gift from Trog
 68524 | Slime:4  | Gained mutation: You have hidden genetic defects. [a
                  | shining eye]
 68530 | Slime:4  | Gained mutation: Armour fits poorly on your strangely
                  | shaped body. [a shining eye]
 68548 | Slime:3  | Lost mutation: Armour fits poorly on your strangely shaped
                  | body. [potion of mutation]
 68548 | Slime:3  | Lost mutation: You are weak. (Str -2) [potion of mutation]
 68548 | Slime:3  | Lost mutation: You have hidden genetic defects. [potion of
                  | mutation]
 68548 | Slime:3  | Gained mutation: You are agile. (Dex +2) [potion of
                  | mutation]
 68548 | Slime:3  | Gained mutation: You have a somewhat thin skeletal
                  | structure. (Dex +2, Stealth+) [potion of mutation]
 68771 | Slime:5  | Entered Level 5 of the Pits of Slime
 68835 | Slime:5  | Noticed the Royal Jelly
 69309 | Slime:5  | Lost mutation: You are agile. (Dex +2) [a shining eye]
 69315 | Slime:5  | Gained mutation: You have hidden genetic potential. [a
                  | shining eye]
 69525 | Slime:5  | Found a viscous altar of Jiyva.
 69527 | Slime:5  | Found the +7 Spriggan's Knife {stab, EV+4 Stlth+}
 69553 | Slime:5  | Gained mutation: Potions are less effective at restoring
                  | your health. [a shining eye]
 69970 | Slime:5  | Killed the Royal Jelly
 69983 | Slime:5  | HP: 14/295 [acid blob/splash of acid[the Royal Jelly] (10)]
 69985 | Slime:5  | Found the ring of Shadows {Umbra +Inv Stlth+}
 71010 | Slime:5  | Got a slimy rune of Zot
 71280 | Slime:5  | Identified the +5 hunting sling of Sloth {flame, rC+ rN+
                  | SInv}
 71513 | Elf:1    | Entered Level 1 of the Elven Halls
 71701 | Elf:1    | Received a gift from Trog
 71702 | Elf:1    | Reached XP level 25. HP: 271/304 MP: 23/23
 73173 | Elf:2    | Found Luxturee's Jewellery Boutique.
 73460 | Elf:2    | Found a runed translucent door.
 73490 | Elf:2    | Found a runed translucent door.
 73669 | Elf:2    | Paralysed by an air elemental for 1 turns
 73758 | Elf:2    | Identified the +4 giant spiked club "Jukamn" {flame, rElec
                  | rPois rN+} (Trog gifted it to you on level 2 of the Elven
                  | Halls)
 73758 | Elf:2    | Received a gift from Trog
 75413 | Crypt:1  | Entered Level 1 of the Crypt
 75793 | Crypt:1  | Received a gift from Trog
 76713 | Crypt:1  | Gained mutation: You are agile. (Dex +2) [hidden potential]
 76794 | Crypt:1  | Lost mutation: Potions are less effective at restoring your
                  | health. [potion of mutation]
 76794 | Crypt:1  | Lost mutation: You are agile. (Dex +2) [potion of mutation]
 76794 | Crypt:1  | Lost mutation: You have a somewhat thin skeletal structure.
                  | (Dex +2, Stealth+) [potion of mutation]
 76794 | Crypt:1  | Gained mutation: You are frail. (-10% HP) [potion of
                  | mutation]
 76794 | Crypt:1  | Gained mutation: Your magical capacity is low. (-10% MP)
                  | [potion of mutation]
 76795 | Crypt:1  | Lost mutation: You have hidden genetic potential. [potion
                  | of mutation]
 76795 | Crypt:1  | Lost mutation: Your magical capacity is low. (-10% MP)
                  | [potion of mutation]
 76795 | Crypt:1  | Lost mutation: You are frail. (-10% HP) [potion of
                  | mutation]
 76795 | Crypt:1  | Gained mutation: You have a pair of small horns on your
                  | head. [potion of mutation]
 76796 | Crypt:1  | Lost mutation: You have a pair of small horns on your head.
                  | [potion of mutation]
 76796 | Crypt:1  | Gained mutation: You have large cloven feet. [potion of
                  | mutation]
 76796 | Crypt:1  | Gained mutation: You are partially covered in iridescent
                  | scales. (AC +2) [potion of mutation]
 77596 | Crypt:2  | Received a gift from Trog
 78125 | Crypt:3  | Entered Level 3 of the Crypt
 78328 | Crypt:3  | Reached XP level 26. HP: 260/314 MP: 23/23
 78888 | Crypt:3  | Noticed an ancient lich
 78892 | Crypt:3  | Killed an ancient lich
 79449 | Crypt:3  | Found a basalt altar of Yredelemnul.
 80316 | Crypt:3  | Found a staircase to the Tomb.
 80338 | Crypt:3  | Received a gift from Trog
 80939 | Hell     | Entered the Vestibule of Hell
 80939 | Hell     | Noticed Geryon
 81099 | Hell     | Noticed an ancient lich
 81338 | Depths:1 | Killed an ancient lich
 82973 | Hell     | Killed Geryon
 83299 | Depths:4 | Fell from the grace of Trog
 83299 | Depths:4 | Became a worshipper of the Shining One
 83389 | Hell     | Reached skill level 27 in Dodging
 83490 | Hell     | Reached skill level 1 in Armour
 83491 | Hell     | Reached * piety under the Shining One
 84155 | Hell     | Found a gateway to the freezing wastes of Cocytus.
 84212 | Hell     | Found a gateway to the decaying netherworld of Tartarus.
 84318 | Hell     | Reached ** piety under the Shining One
 84345 | Hell     | Found a gateway to the ashen valley of Gehenna.
 84514 | Hell     | Reached skill level 5 in Armour
 84763 | Hell     | Found a gateway to the Iron City of Dis.
 84939 | Depths:3 | Voluntarily entered the Abyss.
 85267 | Abyss:1  | Found a corrupted altar of Lugonu.
 85615 | Depths:3 | Escaped the Abyss
 85772 | Geh:1    | Entered Level 1 of Gehenna
 85789 | Geh:1    | Reached *** piety under the Shining One
 86608 | Geh:2    | Reached XP level 27. HP: 137/323 MP: 23/23
 87137 | Geh:3    | Noticed a juggernaut
 87420 | Geh:3    | Killed a juggernaut
 87860 | Hell     | HP: 3/484 [tainted leviathan (32)]
 87861 | Hell     | Engulfed by a cloud of foul pestilence

Illustrated notes

Levels and vault maps discovered:
D:1:      saegor_arrival_simple_b, layout_loops_ring,
          dreamdust_ecumenical_altar_angels_and_demons
D:2:      layout_basic
D:3:      layout_rooms, minmay_overflow_temple_star_hex
D:4:      layout_basic, xom_teletrap_fun, minmay_temple_entry_arrows,
          uniq_menkaure, uniq_eustachio
D:5:      layout_loops_ring, serial_shops, shop_fountains,
          nicolae_specific_store, kennysheep_generic_room_14
D:6:      layout_loops_corners, uniq_pikel
D:7:      layout_rooms, mainiacjoe_overflow_six_doors_small, uniq_duvessa
D:8:      layout_rooms, zin_angel, nicolae_overflow_crystal_walls,
          enter_bailey_5, uniq_erica, uniq_grum, uniq_harold
D:9:      layout_rooms, orc_0_dummy, hangedman_incinerator
D:10:     layout_long_grid, nicolae_overflow_squiral
D:11:     layout_rooms, minmay_lair_entry_grove, uniq_gastronok
D:12:     minmay_the_grid_triangle_9x9_rhombus_thin
          [minmay_the_grid_triangle_9x9_odd_lines,
          minmay_the_grid_triangle_9x9_prize_special,
          minmay_the_grid_triangle_9x9_skeleton,
          minmay_the_grid_triangle_9x9_limited_checkers], layout_basic
D:13:     layout_irregular_city, gauntlet_entry_generic,
          minmay_shop_enchanted_jewellery, uniq_kirke, uniq_josephine
D:14:     layout_basic, david_vaults_1
D:15:     grunt_enter_depths_snipers, layout_small_grid, chequers_big_river
Lair:1:   beast_lair_carwin_large_1, layout_cave_pods
Lair:2:   layout_layer_cave, nicolae_swamp_entry_splash_gauntlet,
          dummy_snake_entry
Lair:3:   layout_gridlike
Lair:4:   layout_hall_layers, lemuel_fruit_tree
Lair:5:   layout_cave_pods, minmay_holes, grunt_megastairs_2, uniq_snorg
Lair:6:   minmay_lair_end_frog_pond, layout_loops_ring,
          minmay_slime_entry_pillars
Swamp:1:  gammafunk_worm_tunnel, layout_basic_swamp,
          evilmike_swamp_ruin_rubble_2, uniq_roxanne
Swamp:2:  gammafunk_mikee_crab_dinner, layout_basic_swamp, serial_swamp_ruin,
          evilmike_swamp_ruin_rubble_1, evilmike_swamp_ruin_wall,
          cheibrodos_swamp_witchery, infiniplex_staircase_pool_2
Swamp:3:  layout_basic_swamp, evilmike_swamp_ruin_house_5
Swamp:4:  nzn_swamp_witches_coven, layout_basic_swamp, infiniplex_staircase_pool
Snake:1:  layout_gridlike, nicolae_snake_gridmaze_waves, serial_bayou_shore_a,
          grunt_megastairs_3, minmay_shop_grove
Snake:2:  layout_honeycomb, basic_altar
Snake:3:  layout_layer_cave, basic_altar, uniq_aizul
Snake:4:  grunt_snake_rune_pools, layout_basic,
          portal_ice_cave_entry_ugly_swarm, serial_shops, bzr_firewalk, shop,
          shop
Slime:1:  layout_caves
Slime:2:  layout_caves
Slime:3:  layout_caves
Slime:4:  layout_caves
Slime:5
Orc:1:    layout_diamond_mine, serial_shops, shop_scrolls, uniq_erolcha
Orc:2:    st_orc_mages, layout_caves, basic_altar
Elf:1:    layout_loops_corners, minmay_elf_demonology
Elf:2:    elven_hall_of_blades_hangedman_original
          [nicolae_blade_entry_splitting_headache], layout_geoelf_diagonals,
          serial_shops, nicolae_shop_crystal, kilobyte_rumbling_trees
Vaults:1: ontoclasm_vaults_spin, nicolae_vaults_bisected_exclaves,
          hangedman_vaults_stagger, hangedman_vaults_snaps,
          nicolae_vaults_circle_grid_a, hangedman_vaults_nails, v_pattern_2,
          serial_ice_m, vaults_room_pools, ontoclasm_vaults_gateway,
          v_alt_pattern_3, ontoclasm_vaults_ring_small, layout_vaults_ring,
          serial_shops, nicolae_shop_hallway_stairs, nicolae_square_shop,
          nicolae_diamond_shop, shop_fountains
Vaults:2: vaults_room_pools, nicolae_vaults_little_squares_6,
          dpeg_vaults_pockets_of_resistance, v_misc_24,
          ontoclasm_vaults_ring_small, v_misc_5, vaults_dpeg_encased_lava,
          vaults_room_hallway, v_misc_3, ontoclasm_vaults_eye,
          ontoclasm_vaults_ring_small, layout_vaults_big_cross, serial_shops,
          nicolae_shop_hallway_plus
Vaults:3: vaults_mumra_chevron, minmay_crypt_entry_necro_gods, v_misc_11,
          ontoclasm_vaults_decontamination, nicolae_vaults_network_star,
          nicolae_vaults_branching_niches, nicolae_vaults_little_squares_2,
          vaults_mumra_chevron_long, nicolae_vaults_little_squares_2,
          ontoclasm_vaults_fault, layout_vaults_chaotic_city, serial_shops,
          nicolae_shop_bloodbath_and_beyond, uniq_mara
Vaults:4: nicolae_vaults_hallways_thing, nicolae_vaults_bisected_slash,
          hangedman_vaults_stream, gammafunk_the_bubble
          [the_bubble_gammafunk_plus_minus], ontoclasm_vaults_claustrophobia,
          nicolae_vaults_network_periphery, dpeg_vaults_monster_box,
          hangedman_vaults_stitches, nicolae_vaults_alarming,
          vaults_dpeg_diagonal, vaults_room_grunt_arrival_ludios,
          vaults_dpeg_hooks, grunt_vaults_hallway_short,
          layout_vaults_maze_bifur, uniq_margery
Vaults:5: serial_shops, uniq_boris
Crypt:1:  layout_chaotic_city, tombwall_bobbens, grunt_crypt_arrival_split,
          lemuel_upstairs_altar
Crypt:2:  layout_misc_corridors, grunt_megastairs_5
Crypt:3:  church_of_pain_bobbens, layout_chaotic_city,
          nicolae_tomb_entry_unfolded_pyramid_diagonal
Depths:1: cheibrodos_birdhouse, layout_basic, pf_dread_powers_of_hell,
          abyss_entry_crystal, rand_demon_pan_entry_4, lemuel_freeze_loot_1,
          uniq_sojobo
Depths:2: kennysheep_big_flooded_room, layout_cave_shapes, hell_entry,
          minmay_misc_feat_rugged, grunt_pan_entry_zigzag, serial_shops,
          nicolae_lakefront_shop, minmay_mirror_moons_of_madness,
          minmay_staircase_statues_hall_small
Depths:3: kennysheep_ogre_elephant_herders, layout_gridlike, hell_entry,
          nicolae_qazlal_eye_of_the_storm, abyss_entry,
          infiniplex_staircase_river
Depths:4: grunt_zot_entry_gee_three, layout_basic, enter_ziggurat_e,
          good_gods_mini_temple, hell_entry
Hell
Geh:1:    layout_gehenna_pools_basic
Geh:2:    layout_gehenna_pools_triple, lemuel_flamethrower_3
Geh:3:    nicolae_hells_titanomachy

Skill      XL: |  1  2  3  4  5  6  7  8  9 10 11 12 13 14 15 16 17 18 19 20 21 22 23 24 25 26 27 |
---------------+----------------------------------------------------------------------------------+-----
Maces & Flails | 3 4 5 7 8 11 12 14 16 17 19 20 22 23 24 25 27 | 27.0
Fighting       | 5 6 7 9 11 12 14 16 17 19 20 22 23 24 26 27 | 27.0
Dodging        | 4 12 16 19 22 25 27 | 27.0
Armour         | 6 7 |  7.6

Action                   |  1- 3 |  4- 6 |  7- 9 | 10-12 | 13-15 | 16-18 | 19-21 | 22-24 | 25-27 || total
-------------------------+-------+-------+-------+-------+-------+-------+-------+-------+-------++-------
Melee: Mace              |    78 |       |       |       |       |       |       |       |       ||    78
       Hand axe          |     3 |    56 |   164 |       |       |       |       |       |       ||   223
       Punch             |     1 |       |     3 |    10 |     2 |       |       |       |       ||    16
       Whip              |       |       |    66 |   743 |   314 |       |       |       |       ||  1123
       Unarmed           |       |       |     5 |       |     1 |       |       |       |       ||     6
       Giant spiked club |       |       |       |       |   638 |  1038 |  1324 |  1443 |   761 ||  5204
       Great mace        |       |       |       |       |       |       |       |       |   583 ||   583
       Kick              |       |       |       |       |       |       |       |       |   386 ||   386
Throw: Dart              |       |       |       |     2 |       |       |       |       |       ||     2
Invok: Berserk           |       |     3 |    12 |    16 |    21 |    20 |    15 |    23 |    11 ||   121
       Divine Shield     |       |       |       |       |       |       |       |       |     5 ||     5
  Use: Scroll            |       |       |    10 |    10 |    19 |     7 |    12 |    18 |     8 ||    84
       Potion            |       |       |       |       |     3 |     2 |     3 |     6 |     5 ||    19
 Stab: Sleeping          |       |       |     3 |       |       |     2 |     4 |     1 |       ||    10
       Paralysed         |       |       |       |       |       |       |       |     2 |       ||     2
Armor: Animal skin       |    33 |    12 |    52 |       |       |       |       |       |       ||    97
       Skin              |       |       |     2 |       |       |       |       |       |       ||     2
       Robe              |       |       |       |   124 |    43 |       |       |       |       ||   167
       Troll leather arm |       |       |       |       |   385 |   471 |   512 |   159 |       ||  1527
       Shadow dragon sca |       |       |       |       |       |       |       |    15 |       ||    15
       Gold dragon scale |       |       |       |       |       |       |       |   672 |   736 ||  1408
Dodge: Dodged            |    39 |    28 |    90 |   305 |   602 |   481 |   421 |   462 |   588 ||  3016
Block: Other             |       |       |       |   116 |    37 |   180 |   232 |   239 |   280 ||  1084
       Reflection        |       |       |       |    24 |     3 |     4 |    24 |    15 |     6 ||    76
